 Dungeon Crawl Stone Soup version 0.16.0-8-gd9ae3a8 (webtiles) character file.

1205 Medar the Covert (level 8, -16/51 HPs)
             Began as a Vampire Monk on Mar 16, 2015.
             Was a Priest of Dithmenos.
             Demolished by Menkaure (25 damage)
             ... on level 6 of the Dungeon.
             The game lasted 00:21:31 (6657 turns).

Medar the Covert (Vampire Monk)                     Turns: 6657, Time: 00:21:32

Health: -16/51     AC:  2    Str: 10      XL:     8   Next: 21%
Magic:  10/10      EV: 14    Int: 12      God:    Dithmenos [***...]
Gold:   290        SH:  0    Dex: 16 (18) Spells: 0 memorised, 7 levels left

rFire  . . .     SeeInvis +     a - +0 short sword
rCold  . . .     Clarity  .     l - +0 robe
rNeg   + . .     SustAb   .     (no shield)
rPois  .         Gourm    .     (helmet restricted)
rElec  .         Spirit   .     (no cloak)
rCorr  .         Warding  .     (no gloves)
rMut   .         Stasis   .     (no boots)
MR     .....                    h - amulet of regeneration
Stlth  +++++++...               (no ring)
                                (no ring)

@: wreathed by umbra, not resistant to hostile enchantments, extremely stealthy
A: bottle blood, fangs 3, horns 1, see invisible, frail 1, unbreathing, no
device heal 1
a: Bat Form, Shadow Step, Renounce Religion


You were on level 6 of the Dungeon.
You worshipped Dithmenos.
Dithmenos was most pleased with you.
You were not thirsty.

You visited 2 branches of the dungeon, and saw 7 of its levels.

You collected 290 gold pieces.

Inventory:

Hand weapons
 a - a +0 short sword (weapon)
 b - a +1 dagger
 n - a +0 scimitar
Missiles
 d - 35 poisoned needles
 i - 3 throwing nets {=f =F}
Armour
 j - a +0 helmet
 l - a +0 robe (worn)
Jewellery
 h - an amulet of regeneration (around neck)
Magical devices
 o - a wand of disintegration (3)
 r - a wand of frost (33)
Scrolls
 p - a scroll of teleportation
 t - a scroll of enchant armour {unknown}
Potions
 c - a potion of brilliance
 e - a potion of might
 f - 2 potions of haste
 g - 11 potions of blood
 k - a potion of flight
 m - 4 potions of curing {@q1}
 s - a potion of cancellation


   Skills:
 - Level 2.9 Fighting
 + Level 7.7 Short Blades
 - Level 3.4 Dodging
 + Level 10.0 Stealth
 - Level 4.3 Unarmed Combat
 + Level 1.6 Invocations


You had 7 spell levels left.
You didn't know any spells.

Dungeon Overview and Level Annotations

Branches:
Dungeon (6/15)             Temple (1/1) D:4

Altars:
Cheibriados
Dithmenos
Elyvilon
Fedhas
Kikubaaqudgha
Makhleb
Nemelex Xobeh
Okawaru
Qazlal
Ru
Sif Muna
Trog
Vehumet
Xom
Zin
The Shining One

Annotations:
D:6 Menkaure


Innate Abilities, Weirdness & Mutations

You can bottle blood from corpses.
You have razor-sharp teeth.
You have supernaturally acute eyesight.
You can survive without breathing.
You have a pair of small horns on your head.
You are frail (-10% HP).
Potions and wands are less effective at restoring your health.


Message History

Menkaure shouts!
Drink which item? (? for menu, Esc to quit)
Okay, then.
Menkaure points at you and mumbles some strange words.
Pain shoots through your body!
Found a stone staircase leading up.
You hit Menkaure but do no damage.
You headbutt Menkaure, but do no damage.
Menkaure calls on the powers of darkness!
Your body is wracked with pain!
You hit Menkaure.
Menkaure is lightly damaged.
You hit Menkaure.
You headbutt Menkaure, but do no damage.
Menkaure is moderately damaged.
Menkaure hits you!!
* * * LOW HITPOINT WARNING * * *
Drink which item? (? for menu, Esc to quit)
You feel better. Menkaure hits you!!
You die...

##. ##..# .####... #...#
# ...#... #...# ....
#.....< ##..###.....
#....# #...##......
###...####...##......
###.......#....#.......
###.............##.......
........@........#...<...
...##..M.................
#....................
##...................
#......#............
#.....###...........
......# ##..........
........ ##.........
......###.........


You could see Menkaure.

Vanquished Creatures
  A hungry ghost (D:5)
  An ice beast (D:4)
  An ogre (D:5)
  A centaur (D:6)
  A giant frog (D:6)
  A crimson imp (D:5)
  A giant frog zombie (D:5)
  A giant frog skeleton (D:4)
  An orc priest (D:4)
  A hound (D:4)
  A quasit (D:6)
  3 orc wizards
  5 worker ants
  3 hound skeletons
  A worker ant zombie (D:5)
  11 gnolls
  4 adders
  2 giant mites
  A worm (D:2)
  An adder skeleton (D:5)
  5 giant geckos
  An ooze (D:1)
  9 orcs
  A ball python (D:2)
  12 bats
  A bat skeleton (D:4)
  10 goblins
  16 hobgoblins
  21 jackals
  15 kobolds
  2 quokkas
  A ball python skeleton (D:4)
  7 giant cockroaches
  A giant gecko skeleton (D:5)
  8 giant newts
  A quokka zombie (D:5)
  13 rats
166 creatures vanquished.

Notes
Turn   | Place    | Note
--------------------------------------------------------------
     0 | D:1      | Medar, the Vampire Monk, began the quest for the Orb.
     0 | D:1      | Reached XP level 1. HP: 17/17 MP: 1/1
   148 | D:1      | Reached XP level 2. HP: 21/23 MP: 2/2
   157 | D:1      | Reached skill level 1 in Short Blades
   956 | D:1      | Reached XP level 3. HP: 28/28 MP: 3/3
  2368 | D:2      | Reached XP level 4. HP: 25/34 MP: 4/4
  3021 | D:3      | Gained mutation: Potions and wands are less effective at restoring your health. [potion of mutation]
  3021 | D:3      | Gained mutation: You have a pair of small horns on your head. [potion of mutation]
  3021 | D:3      | Gained mutation: You are frail (-10% HP). [potion of mutation]
  3379 | D:3      | Reached XP level 5. HP: 27/36 MP: 5/5
  3782 | D:3      | Found a burning altar of Makhleb.
  3963 | D:4      | Found a staircase to the Ecumenical Temple.
  3973 | Temple   | Entered the Ecumenical Temple
  4012 | Temple   | Became a worshipper of Dithmenos the Shadowed
  4012 | Temple   | Acquired Dithmenos' first power
  4123 | D:4      | Noticed a phantom
  4575 | D:3      | Reached skill level 5 in Short Blades
  4575 | D:3      | Reached skill level 5 in Stealth
  4744 | D:4      | Reached XP level 6. HP: 37/41 MP: 6/6
  4758 | D:4      | Noticed an ice beast
  4763 | D:4      | Killed an ice beast
  4763 | D:4      | Reached skill level 6 in Stealth
  5076 | D:4      | Reached skill level 7 in Stealth
  5277 | D:4      | Reached XP level 7. HP: 45/45 MP: 7/7
  5314 | D:4      | Found a stormy altar of Qazlal.
  5314 | D:4      | Found a shimmering altar of Xom.
  5314 | D:4      | Found an iron altar of Okawaru.
  5315 | D:4      | Found a snail-covered altar of Cheibriados.
  5316 | D:4      | Found a sparkling altar of Nemelex Xobeh.
  5321 | D:4      | Found a sacrificial altar of Ru.
  5459 | D:5      | Entered Level 5 of the Dungeon
  5519 | D:5      | Found a blossoming altar of Fedhas.
  5524 | D:5      | Reached skill level 8 in Stealth
  5740 | D:5      | Reached skill level 9 in Stealth
  6322 | D:6      | Reached XP level 8. HP: 51/51 MP: 9/9
  6329 | D:6      | Reached skill level 1 in Invocations
  6382 | D:6      | Acquired Dithmenos' second power
  6429 | D:6      | Reached skill level 10 in Stealth
  6648 | D:6      | Noticed Menkaure
  6657 | D:6      | Demolished by Menkaure

Action                   |  1- 3 |  4- 6 |  7- 9 || total
-------------------------+-------+-------+-------++-------
Melee: Unarmed           |    99 |       |       ||    99
       Dagger            |    42 |   288 |       ||   330
       Short sword       |       |    86 |    74 ||   160
Throw: Throwing net      |       |     1 |       ||     1
  Use: Scroll            |     2 |     9 |     4 ||    15
       Potion            |     7 |    10 |     4 ||    21
 Stab: Sleeping          |    10 |     7 |    17 ||    34
       Distracted        |     1 |     1 |       ||     2
